 Dungeon Crawl Stone Soup version 0.31.0-9-g3a7656b989 (webtiles) character file.

Game seed: 8604113535260755280

3511 MacCMillion the Carver (level 10, -3/76 HPs)
             Began as a Merfolk Gladiator on Jan 31, 2024.
             Was an Initiate of Hepliaklqana.
             Slain by a vampire
             ... wielding a +2 vampiric halberd
              (14 damage)
             ... in a bailey.
             The game lasted 00:24:21 (9506 turns).

MacCMillion the Carver (Merfolk Gladiator)          Turns: 9506, Time: 00:24:21

Health: -3/76      AC:  5    Str: 15    XL:     10   Next: 8%
Magic:  10/10      EV: 19    Int:  7    God:    Hepliaklqana [......]
Gold:   375        SH:  0    Dex: 20    Spells: 9/9 levels left

rFire   . . .        a - +0 long sword
rCold   . . .        (no shield)
rNeg    + . .        E - +1 steam dragon scales
rPois   .            r - +2 hat
rElec   .            (no cloak)
rCorr   .            (no gloves)
SInv    .            (no boots)
Will    +....        l - amulet of regeneration
Stlth   +++          F - ring of positive energy
HPRegen 0.00/turn    (no ring)
MPRegen 0.12/turn

%: no passive effects
@: mighty, enlightened, flying, inhibited regen
A: (nimble swimmer 2), mertail, deformed body, inhibited regeneration
a: Renounce Religion


You were in a bailey.
You worshipped Hepliaklqana.
Hepliaklqana was noncommittal.
You visited 1 branch of the dungeon, and saw 9 of its levels.
You also visited: Bailey.

You collected 375 gold pieces.

Inventory:

Hand Weapons
 a - a +0 long sword (weapon)
Missiles
 d - a throwing net
 e - a javelin
 y - 19 boomerangs (quivered)
Armour
 c - a +0 helmet
 f - a +0 ring mail
 i - a +0 kite shield
 r - a +2 hat (worn)
 v - a +0 scale mail
 E - +1 steam dragon scales (worn)
Jewellery
 l - an amulet of regeneration (around neck)
 F - a ring of positive energy (left hand)
Wands
 b - a wand of flame (16)
 D - a wand of roots (15)
 G - a wand of paralysis (5)
Scrolls
 h - 3 scrolls of revelation
 k - a scroll of amnesia
 n - 2 scrolls of poison
 p - 2 scrolls of noise
 q - a scroll of enchant armour
 t - a scroll of vulnerability
 u - a scroll of torment
 A - a scroll of teleportation {unknown}
Potions
 g - a potion of degeneration
 j - a potion of brilliance
 o - 2 potions of curing
Miscellaneous
 w - a phial of floods


   Skills:
 + Level 6.3 Fighting
 + Level 11.8 Long Blades
 + Level 3.7 Throwing
 + Level 10.6 Dodging
 - Level 4.0 Stealth


You had 9 spell levels left.
You didn't know any spells.
Your spell library contained the following spells:

 Spells                   Type           Power      Damage    Failure   Level
 Jinxbite                 Hex            0%         N/A       56%         2
 Yara's Violent Unravell  Hex/Alch       0%         3d3       100%        5
 Enfeeble                 Hex            0%         N/A       100%        7


Dungeon Overview and Level Annotations

Branches:
Dungeon (9/15)             Bailey (1/1)
 Temple: D:4-7         Lair: D:8-11         Orc: D:9-12

Altars:
Cheibriados
Hepliaklqana
Kikubaaqudgha
Makhleb
Vehumet
Yredelemnul
Zin

Annotations:
D:6 exclusion: door


Innate Abilities, Weirdness & Mutations

((You are very nimble when in or above water. (Stealth+, EV+, Speed+++)))
Your lower body shifts to a powerful aquatic tail in water.
Armour fits poorly on your strangely shaped body.
You do not regenerate when monsters are visible.


Message History

You slash something! Something hits you! Something bites you!
Something draws strength from your injuries!
You closely miss something. Something barely misses you. Something bites you.
You hit something but do no damage. Something closely misses you.
Something bites you!
Something draws strength from your injuries!
You hit something but do no damage. Something hits you!
Something bites you but does no damage.
You feel much better. Something barely misses you. x2
Throw: 2 throwing nets
Press: ? - help, Shift-Dir - straight line You throw a throwing net.
Something hits you! Something bites you but does no damage.
You hit something but do no damage. You miss something. Something hits you!
Something bites you.
You miss something. Something hits you! Something bites you.
Something draws strength from your injuries!
You feel much better. Something hits you! Something barely misses you.
It was a potion of enlightenment.
You feel very buoyant.
You fly up into the air.
Something hits you but does no damage. Something bites you.
It was a potion of magic.
Magic courses through your body. Something hits you.
Something barely misses you.
It was a potion of mutation.
You feel extremely strange.
Your body twists and deforms.
Your regeneration stops near monsters.
Something hits you!!
* * * LOW HITPOINT WARNING * * *
Something bites you!
* * * LOW HITPOINT WARNING * * *
Something draws strength from your injuries!
You feel much better. Something hits you but does no damage.
Something bites you!
* * * LOW HITPOINT WARNING * * *
It was a potion of might.
You feel very mighty all of a sudden. Something closely misses you.
Something bites you!
* * * LOW HITPOINT WARNING * * *
You closely miss something. Something hits you!
You die...

#.........#......#'
###''##...##....8#.
##....##...#######.
##......##.......8#.
#...##...#8......9#.
#..## #..###########
#..## ..# #8..##..8#
##[@..)!## ##{:[8##
######


There were no monsters in sight!

Vanquished Creatures
  A shadow (D:6)
  2 steam dragons
  2 water moccasins
  2 ice beasts
  A sky beast (D:6)
  An ogre (D:5)
  A phantom (D:6)
  6 bullfrogs
  Blork the orc (D:4)
  A gnoll sergeant (D:7)
  2 scorpions
  4 wights (D:8)
  A killer bee (D:8)
  7 vampire bats (Bailey)
  A howler monkey (D:5)
  5 wolf zombies (Bailey)
  A gnoll bouda (D:7)
  2 bombardier beetles
  6 hounds
  3 jellies
  2 orc priests
  A sleepcap (D:7)
  2 iguanas
  Natasha (thrice) (D:4)
  5 orc wizards
  11 gnolls
  6 adders
  A shadow imp (D:5)
  A white imp (D:6)
  2 ufetubi (D:4)
  3 dart slugs
  2 ribbon worms
  25 orcs
  8 ball pythons
  4 bats
  4 endoplasms
  3 giant cockroaches
  6 goblins
  7 hobgoblins
  6 jackals
  4 quokkas
  4 frilled lizards
  8 kobolds
  18 orc zombies (Bailey)
  5 rats
191 creatures vanquished.

Vanquished Creatures (others)
  An orc wizard (D:8)
1 creature vanquished.

Grand Total: 192 creatures vanquished

Notes
Turn   | Place    | Note
-------+----------+-------------------------------------------
     0 | D:1      | MacCMillion the Merfolk Gladiator began the quest for the
                  | Orb.
     0 | D:1      | Reached XP level 1. HP: 16/16 MP: 1/1
   248 | D:1      | Reached skill level 4 in Long Blades
   248 | D:1      | Reached XP level 2. HP: 22/22 MP: 2/2
  1030 | D:2      | Reached XP level 3. HP: 23/27 MP: 3/3
  1227 | D:2      | Found a basalt altar of Yredelemnul.
  1560 | D:2      | Reached skill level 5 in Dodging
  2259 | D:3      | Reached XP level 4. HP: 33/33 MP: 4/4
  2645 | D:3      | Reached skill level 5 in Long Blades
  2735 | D:3      | Found a snail-covered altar of Cheibriados.
  3044 | D:4      | Noticed Natasha
  3067 | D:4      | Killed Natasha
  3068 | D:4      | Reached XP level 5. HP: 12/38 MP: 5/5
  3249 | D:4      | Reached skill level 6 in Long Blades
  3258 | D:4      | Noticed Blork the orc
  3427 | D:4      | Reached XP level 6. HP: 40/44 MP: 6/6
  3611 | D:4      | Noticed Natasha
  3621 | D:4      | Killed Natasha
  3626 | D:4      | Noticed Natasha
  3638 | D:4      | Killed Natasha
  3692 | D:4      | Killed Blork the orc
  4150 | D:4      | Reached skill level 7 in Long Blades
  4150 | D:4      | Reached XP level 7. HP: 50/50 MP: 7/7
  4296 | D:4      | Identified the +6 mace of Ipse Dixit {speed, rF+ rN+}
  4358 | D:5      | Entered Level 5 of the Dungeon
  4937 | D:5      | Reached skill level 8 in Long Blades
  5139 | D:5      | Found a radiant altar of Vehumet.
  5198 | D:5      | Reached skill level 9 in Long Blades
  5420 | D:5      | Reached XP level 8. HP: 51/56 MP: 8/8
  5758 | D:6      | Reached skill level 1 in Stealth
  6260 | D:6      | Reached skill level 10 in Long Blades
  6631 | D:7      | Found an ancient bone altar of Kikubaaqudgha.
  6841 | D:6      | Noticed a shadow
  6925 | D:6      | Found a glowing silver altar of Zin.
  7265 | D:6      | Reached XP level 9. HP: 58/65 MP: 9/9
  7788 | D:7      | Reached skill level 11 in Long Blades
  7931 | D:7      | Reached skill level 5 in Fighting
  8065 | D:7      | You fall into a shaft and drop 2 floors!
  8505 | D:8      | Found a flagged portal.
  8573 | D:8      | Reached skill level 10 in Dodging
  8580 | D:8      | Paralysed by something for 3 turns
  8723 | D:7      | Found a hazy altar of Hepliaklqana.
  8734 | D:7      | Became a worshipper of Hepliaklqana the Forgotten
  8740 | D:8      | Found a burning altar of Makhleb.
  8788 | Bailey   | Entered a bailey
  9145 | Bailey   | Reached XP level 10. HP: 76/76 MP: 10/10
  9385 | Bailey   | Identified the +0 robe of True Grit {rN+}
  9417 | Bailey   | Noticed a gargoyle
  9503 | Bailey   | Gained mutation: Armour fits poorly on your strangely
                  | shaped body. [potion of mutation]
  9503 | Bailey   | Gained mutation: You do not regenerate when monsters are
                  | visible. [potion of mutation]
  9503 | Bailey   | HP: 2/76 [something (12)]
  9506 | Bailey   | Slain by a vampire

Illustrated notes

Levels and vault maps discovered:
D:1:      dpeg_arrival_tiny_a, layout_loops_cross, serial_co_window_serial,
          co_window_of_opportunity_a, co_window_paths_b, co_window_corner_a,
          co_window_of_opportunity_a, co_window_corner_a, co_window_paths_b,
          co_window_corner_b, co_window_corner_cb, co_window_corner_cb,
          co_window_4corner_b, co_window_paths_d, glass_columns_c,
          glass_columns_a, glass_columns_b
D:2:      minmay_door_path, layout_basic, basic_altar
D:3:      layout_loops_ring, slow_altar_1
D:4:      layout_gridville, uniq_blork_the_orc, uniq_natasha
D:5:      layout_gridville, old_standard_altar, nicolae_the_louvre
D:6:      layout_basic, mainiacjoe_overflow_small_starburst,
          minmay_manual_mullet
D:7:      layout_cave_pools, lemuel_crystal_altar,
          mainiacjoe_overflow_tiny_flanked, mainiacjoe_overflow_divided_tiny,
          minmay_temple_entry_water_ring, serial_gnoll_camp,
          gnoll_camp_medium_01, grums_kennel, gnoll_camp_mini_hut,
          gnoll_camp_huts_moat, gnoll_camp_medium_02,
          hangedman_abyss_or_decor_stabs
D:8:      layout_rooms, lemuel_crystal_altar, mainiacjoe_overflow_catwalk,
          enter_bailey_5
D:9:      layout_irregular_city, orc_0_dummy, uniq_joseph
Bailey:   bailey_polearm_vampire_castle_hellmonk, bailey

Skill      XL: |  1  2  3  4  5  6  7  8  9 |
---------------+----------------------------+-----
Long Blades    | 4 5 6 7 9 10 11 | 11.8
Dodging        | 5 6 7 8 9 10 | 10.6
Stealth        | 2 4 |  4.0
Fighting       | 4 6 |  6.3
Throwing       | 3 |  3.7

Action                     |  1- 3 |  4- 6 |  7- 9 | 10-12 || total
---------------------------+-------+-------+-------+-------++-------
  Melee: Long sword        |   119 |   151 |   559 |    83 ||   912
         Punch             |     1 |     2 |     5 |     2 ||    10
         Tailslap          |       |       |    28 |     2 ||    30
  Throw: Javelin           |       |     1 |       |       ||     1
         Throwing net      |       |       |     1 |     1 ||     2
         Boomerang         |       |       |     1 |       ||     1
  Evoke: Wand              |       |       |     1 |       ||     1
    Use: Scroll            |       |       |    12 |       ||    12
         Potion            |       |       |     4 |     7 ||    11
   Stab: Held in net/web   |       |       |     2 |       ||     2
         Invisible         |       |       |     2 |       ||     2
         Sleeping          |       |       |       |     1 ||     1
 Armour: Leather armour    |     5 |       |       |       ||     5
         Ring mail         |    48 |    85 |   194 |       ||   327
         Steam dragon scal |       |       |    98 |    52 ||   150
  Dodge: Dodged            |    85 |   120 |   530 |    80 ||   815
